 Dungeon Crawl Stone Soup version 0.29.0-4-gdea44cf6ec (webtiles) character file.

Game seed: 58029054877128215

1086 qw the Chopper (level 8, -1/61 HPs)
             Began as a Demonspawn Cinder Acolyte on Sept 9, 2022.
             Was an Elder of Ignis.
             Killed from afar by an electric eel (5 damage)
             ... with a bolt of electricity
             ... on level 6 of the Dungeon.
             The game lasted 00:01:56 (5637 turns).

qw the Chopper (Demonspawn Cinder Acolyte)          Turns: 5637, Time: 00:01:57

Health: -1/61      AC: 34    Str: 21      XL:     8   Next: 9%
Magic:  18/18      EV: 10    Int: 15 (16) God:    Ignis [****..]
Gold:   203        SH:  0    Dex:  4 (5)  Spells: 9/9 levels left

rFire   + . .      SeeInvis +   i - +0 war axe
rCold   . . .      Faith    .   (no shield)
rNeg    . . .      Spirit   .   o - +4 plate armour of the Baker {Rampage MP+9 Str+4}
rPois   +          Reflect  .   s - +4 helmet of Ohipp {+Blink rPois Dex-3 SInv}
rElec   .          Harm     .   (no cloak)
rCorr   +          Rampage  +   k - +2 pair of gloves
Will    .....                   h - +1 pair of boots
Stlth   ..........              (no amulet)
HPRegen 0.20/turn               c - ring of resist corrosion
MPRegen 0.16/turn               b - +4 ring of evasion

@: about to teleport, fiery-armoured, very slow
A: hooves 2, yellow scales 1, demonic magic 1
a: Renounce Religion, Evoke Blink, Fiery Armour, Foxfire Swarm, Rising Flame


You were on level 6 of the Dungeon.
You worshipped Ignis.
Ignis was greatly pleased with you.
You visited 1 branch of the dungeon, and saw 6 of its levels.

You collected 328 gold pieces.
You spent 125 gold pieces at shops.


Innate Abilities, Weirdness & Mutations

You have hoof-like feet.
You are partially covered in yellow scales. (AC +2)
Spells you cast may paralyse adjacent enemies.


   Skills:
 - Level 4.6 Fighting
 + Level 7.5 Axes
 - Level 3.4 Armour
 - Level 1.0 Dodging
 - Level 1.0 Spellcasting
 - Level 2.6 Fire Magic


You had 9 spell levels left.
You didn't know any spells.
Your spell library contained the following spells:

 Spells                   Type           Power      Damage    Failure   Level
 Scorch                   Fire           16%        2d5       97%         2

Inventory:

Hand Weapons
 i - a +0 war axe (weapon)
Armour
 h - a +1 pair of boots (worn)
 k - a +2 pair of gloves (worn)
 o - the +4 plate armour of the Baker (worn) {Rampage MP+9 Str+4}
   (You acquired it on level 3 of the Dungeon)

   Str:       It affects your strength (+4).
   MP:        It affects your magic capacity (+9).
   Rampage:   It bestows one free step when moving towards enemies.
 s - the +4 helmet of Ohipp (worn) {+Blink rPois Dex-3 SInv}
   (You acquired it on level 3 of the Dungeon)

   Dex:       It affects your dexterity (-3).
   rPois:     It protects you from poison.
   SInv:      It lets you see invisible.
   +Blink:    It lets you blink.
Jewellery
 b - a +4 ring of evasion (right hand)
 c - a ring of resist corrosion (left hand)
 e - a ring of see invisible
 q - the ring of Waodaow {Ice Str+2}
   (You acquired it on level 3 of the Dungeon)

   [ring of ice]

   It enhances your ice magic.
   Str:       It affects your strength (+2).
   rF:        It makes you vulnerable to fire.
   rC:        It protects you from cold.
Scrolls
 a - 6 scrolls of teleportation
 g - 3 scrolls of identify
Potions
 d - a potion of mutation
 f - a potion of cancellation
 j - a potion of might
 l - 2 potions of curing
 n - a potion of haste

Dungeon Overview and Level Annotations

Branches:
Dungeon (6/15)             Temple (0/1) D:5

Altars:
Dithmenos
Xom

Shops:
D:4 ?

Annotations:
D:4 3 runed translucent doors, qw's ghost, amateur DsCA


Message History

You barely miss the electric eel. Your punch misses the electric eel.
The electric eel is moderately wounded.
You hit the plant but do no damage.
A nearby plant withers and dies.
The electric eel shoots out a bolt of lightning at you!
The bolt of electricity hits you but does no damage.
The electric eel shoots out a bolt of lightning at you!
The bolt of electricity hits the electric eel.
The electric eel completely resists.
The bolt of electricity hits you but does no damage.
The bolt of electricity hits the plant!
The electric eel shoots out a bolt of lightning at you!
The bolt of electricity hits you but does no damage.
The bolt of electricity hits the plant!
You hit the electric eel.
The electric eel is moderately wounded.
The electric eel shoots out a bolt of lightning at you!
The bolt of electricity hits you but does no damage.
The bolt of electricity hits the plant!
The electric eel shoots out a bolt of lightning at you!
The bolt of electricity hits you!
The electric eel shoots out a bolt of lightning at you!
The bolt of electricity hits the electric eel.
The electric eel completely resists.
The bolt of electricity hits you but does no damage.
The bolt of electricity hits the plant!
The electric eel shoots out a bolt of lightning at you!
The bolt of electricity hits the electric eel.
The electric eel completely resists.
The bolt of electricity hits you!
The bolt of electricity hits the plant!
A phantom comes into view.
The electric eel shoots out a bolt of lightning at you!
The bolt of electricity hits you!
5637 ||| READING 7 scrolls of teleportation.
As you read the scroll of teleportation, it crumbles to dust.
You feel strangely unstable.
A nearby plant withers and dies.
The electric eel shoots out a bolt of lightning at you!
The bolt of electricity hits you.
You die...

.~ ~~77~7
~~77P~~~~W
#777P~~~~~S~S
#~7~P7~~7~~~~
7~~~~~~~S~~~~
7~~7~~P~~~~~~
7~~~S~~~~~~~~
77~PP~@~P~~~~~
#P77~~~~~~~~~~
#~~~~~7~~~~~~
#.~7~P~7~~P~~
#.P~777~P~~~~
#..<.~~777~~7
####.....~~77 ~
..#####.##.##.....
#.............#.##


You could see a phantom and 4 electric eels.

Vanquished Creatures
  Eustachio (D:4)
  Menkaure (D:5)
  Duvessa (D:4)
  A phantom (D:4)
  A necrophage (D:4)
  2 scorpions (D:4)
  Dowan (D:4)
  A hound (D:5)
  A jelly (D:4)
  2 orc priests
  4 iguanas (D:5)
  2 orc wizards (D:5)
  4 adders
  2 ufetubi
  2 dart slugs
  9 orcs
  6 ball pythons
  3 bats
  11 endoplasms
  5 giant cockroaches
  10 goblins
  7 hobgoblins
  10 jackals
  2 quokkas
  A frilled lizard (D:2)
  4 kobolds
  9 rats
103 creatures vanquished.

Vanquished Creatures (others)
  A white imp (D:6)
  An ufetubus (D:6)
  8 plants (D:6)
10 creatures vanquished.

Grand Total: 113 creatures vanquished

Notes
Turn   | Place    | Note
-------+----------+-------------------------------------------
     0 | D:1      | qw the Demonspawn Cinder Acolyte began the quest for the
                  | Orb.
     0 | D:1      | Reached XP level 1. HP: 18/18 MP: 2/2
     0 | D:1      | 0 ||| qw: Version: 0.1-a-113-g051387a
     0 | D:1      | 0 ||| qw: Game counter: 7301
     0 | D:1      | 0 ||| qw: Always use a shield: true
     0 | D:1      | 0 ||| qw: God list: Okawaru
     0 | D:1      | 0 ||| qw: Allow faded altars: false
     0 | D:1      | 0 ||| qw: Do Orc after D:15 true
     0 | D:1      | 0 ||| qw: Do second Lair branch before Depths: true
     0 | D:1      | 0 ||| qw: Lair rune preference: random
     0 | D:1      | 0 ||| qw: Plans: Normal
     0 | D:1      | 0 ||| PLANNING D:1-11
    12 | D:1      | 12 ||| Stepping ~*~*~tactically~*~*~ (stealth).
    97 | D:1      | 97 ||| Stepping ~*~*~tactically~*~*~ (stealth).
   104 | D:1      | Reached skill level 3 in Axes
   243 | D:1      | Gained mutation: You have large cloven feet. [demonic
                  | ancestry]
   243 | D:1      | Reached XP level 2. HP: 21/24 MP: 3/3
   311 | D:1      | 311 ||| Stepping ~*~*~tactically~*~*~ (stealth).
   330 | D:1      | 330 ||| Stepping ~*~*~tactically~*~*~ (stealth).
   336 | D:1      | 336 ||| Stepping ~*~*~tactically~*~*~ (stealth).
   535 | D:1      | 535 ||| Stepping ~*~*~tactically~*~*~ (stealth).
   653 | D:1      | 653 ||| Stepping ~*~*~tactically~*~*~ (stealth).
   949 | D:1      | 949 ||| UPGRADING to ring of see invisible.
   950 | D:1      | 950 ||| READING 5 scrolls labelled YMPEKH ANOY.
   955 | D:1      | 955 ||| READING scroll labelled XOHUFA TEOLEE.
   956 | D:1      | 956 ||| READING scroll labelled UGHUMI SUIL.
   957 | D:1      | 957 ||| READING scroll labelled DIOTUO BAOTU.
  1042 | D:2      | 1042 ||| INVOKING Fiery Armour.
  1043 | D:2      | Gained mutation: You have hoof-like feet. [demonic
                  | ancestry]
  1043 | D:2      | Reached XP level 3. HP: 15/29 MP: 4/4
  1329 | D:2      | 1329 ||| Stepping ~*~*~tactically~*~*~ (stealth).
  1330 | D:2      | 1330 ||| Stepping ~*~*~tactically~*~*~ (stealth).
  1335 | D:2      | Reached skill level 4 in Axes
  1346 | D:2      | 1346 ||| FLEEEEING.
  1434 | D:2      | 1434 ||| FLEEEEING.
  1440 | D:2      | 1440 ||| FLEEEEING.
  1442 | D:2      | 1442 ||| FLEEEEING.
  1443 | D:2      | 1443 ||| FLEEEEING.
  1447 | D:2      | 1447 ||| FLEEEEING.
  1448 | D:2      | 1448 ||| FLEEEEING.
  1449 | D:2      | 1449 ||| FLEEEEING.
  1450 | D:2      | 1450 ||| FLEEEEING.
  1466 | D:2      | 1466 ||| FLEEEEING.
  1467 | D:2      | 1467 ||| FLEEEEING.
  1468 | D:2      | 1468 ||| FLEEEEING.
  1469 | D:2      | 1469 ||| FLEEEEING.
  1470 | D:2      | 1470 ||| STAIRDANCE
  1523 | D:2      | 1523 ||| STAIRDANCE
  1939 | D:2      | Reached skill level 1 in Dodging
  2336 | D:2      | 2336 ||| UPGRADING to +0 ring mail.
  2346 | D:2      | 2346 ||| DROPPING +0 robe.
  2347 | D:2      | 2347 ||| UPGRADING to +2 pair of gloves.
  2352 | D:2      | 2352 ||| READING 2 scrolls labelled YNEMPE ADIMIL.
  2353 | D:2      | 2353 ||| READING scroll labelled OHAINOIPUL.
  2471 | D:3      | Found Uligec's Assorted Antiques.
  2547 | D:3      | Gained mutation: You are partially covered in yellow
                  | scales. (AC +2) [demonic ancestry]
  2547 | D:3      | Reached XP level 4. HP: 26/35 MP: 5/5
  2574 | D:3      | 2574 ||| FLEEEEING.
  2575 | D:3      | 2575 ||| FLEEEEING.
  2581 | D:3      | 2581 ||| FLEEEEING.
  2582 | D:3      | 2582 ||| FLEEEEING.
  2583 | D:3      | 2583 ||| FLEEEEING.
  2584 | D:3      | 2584 ||| FLEEEEING.
  2585 | D:3      | 2585 ||| FLEEEEING.
  3292 | D:3      | 3292 ||| UPGRADING to +4 ring of evasion.
  3293 | D:3      | 3293 ||| READING scroll labelled RIFEHA VAOLLU.
  3294 | D:3      | 3294 ||| READING 3 scrolls labelled ZIEVOA OVIENWU.
  3294 | D:3      | Identified 3 scrolls of acquirement
  3294 | D:3      | 3294 ||| ACQUIRING ring of Waodaow {Ice Str+2}
  3294 | D:3      | Acquired the ring of Waodaow {Ice Str+2}
  3296 | D:3      | 3296 ||| READING 2 scrolls of acquirement.
  3296 | D:3      | 3296 ||| ACQUIRING +4 helmet of Ohipp {+Blink rPois Dex-3
                  | SInv}
  3296 | D:3      | Acquired the +4 helmet of Ohipp {+Blink rPois Dex-3 SInv}
  3298 | D:3      | 3298 ||| UPGRADING to +4 helmet of Ohipp {+Blink rPois
                  | Dex-3 SInv}.
  3303 | D:3      | 3303 ||| REMOVING ring of see invisible.
  3304 | D:3      | 3304 ||| READING scroll of acquirement.
  3304 | D:3      | 3304 ||| ACQUIRING +4 plate armour of the Baker {Rampage
                  | MP+9 Str+4}
  3304 | D:3      | Acquired the +4 plate armour of the Baker {Rampage MP+9
                  | Str+4}
  3306 | D:3      | 3306 ||| UPGRADING to +4 plate armour of the Baker {Rampage
                  | MP+9 Str+4}.
  3316 | D:3      | 3316 ||| DROPPING +0 ring mail.
  3381 | D:3      | 3381 ||| UPGRADING to ring of Waodaow {Ice Str+2}.
  3382 | D:3      | 3382 ||| READING scroll labelled ZINIBR KUXAA.
  3383 | D:3      | 3383 ||| READING scroll labelled SIABI KILAS.
  3384 | D:3      | 3384 ||| DRINKING 2 fizzy yellow potions.
  3495 | D:3      | 3495 ||| DRINKING 2 puce potions.
  3496 | D:3      | 3496 ||| READING 2 scrolls of identify.
  3496 | D:3      | 3496 ||| IDENTIFYING emerald potion
  3497 | D:3      | 3497 ||| DROPPING potion of magic.
  3498 | D:3      | 3498 ||| DROPPING potion of lignification.
  3529 | D:4      | Noticed a phantom
  3540 | D:4      | Killed a phantom
  3541 | D:4      | Reached XP level 5. HP: 40/41 MP: 6/6
  3613 | D:4      | Reached skill level 5 in Axes
  3620 | D:4      | Found a shimmering altar of Xom.
  3739 | D:4      | 3739 ||| Stepping ~*~*~tactically~*~*~ (stealth).
  3783 | D:4      | Noticed qw's ghost (amateur DsCA)
  3788 | D:4      | Found a runed translucent gate.
  3788 | D:4      | Found a runed translucent gate.
  3788 | D:4      | Found a runed translucent gate.
  3802 | D:4      | 3802 ||| Stepping ~*~*~tactically~*~*~ (stealth).
  3820 | D:4      | Found a shadowy altar of Dithmenos.
  3826 | D:4      | 3826 ||| Stepping ~*~*~tactically~*~*~ (stealth).
  3833 | D:4      | 3833 ||| Stepping ~*~*~tactically~*~*~ (stealth).
  3836 | D:4      | Gained mutation: Spells you cast may paralyse adjacent
                  | enemies. [demonic ancestry]
  3836 | D:4      | Reached XP level 6. HP: 47/47 MP: 7/7
  3954 | D:4      | Noticed Dowan
  3955 | D:4      | 3955 ||| Stepping ~*~*~tactically~*~*~ (hiding).
  3956 | D:4      | 3956 ||| Stepping ~*~*~tactically~*~*~ (hiding).
  3956 | D:4      | Noticed Duvessa
  3960 | D:4      | 3960 ||| INVOKING Fiery Armour.
  3968 | D:4      | Killed Duvessa
  3969 | D:4      | Reached skill level 6 in Axes
  3974 | D:4      | Killed Dowan
  3975 | D:4      | 3975 ||| FLEEEEING.
  3976 | D:4      | 3976 ||| FLEEEEING.
  3977 | D:4      | 3977 ||| FLEEEEING.
  3978 | D:4      | 3978 ||| FLEEEEING.
  3979 | D:4      | 3979 ||| FLEEEEING.
  3980 | D:4      | 3980 ||| FLEEEEING.
  3981 | D:4      | 3981 ||| FLEEEEING.
  3982 | D:4      | 3982 ||| FLEEEEING.
  3984 | D:4      | 3984 ||| FLEEEEING.
  3985 | D:4      | 3985 ||| FLEEEEING.
  3986 | D:4      | 3986 ||| FLEEEEING.
  3987 | D:4      | 3987 ||| FLEEEEING.
  3988 | D:4      | 3988 ||| FLEEEEING.
  3989 | D:4      | 3989 ||| FLEEEEING.
  3990 | D:4      | 3990 ||| FLEEEEING.
  3991 | D:4      | 3991 ||| STAIRDANCE
  4078 | D:3      | 4078 ||| UPGRADING to ring of resist corrosion.
  4080 | D:3      | 4080 ||| READING 3 scrolls of identify.
  4080 | D:3      | 4080 ||| IDENTIFYING lumpy cyan potion
  4081 | D:3      | 4081 ||| READING 2 scrolls of identify.
  4081 | D:3      | 4081 ||| IDENTIFYING brown potion
  4116 | D:4      | 4116 ||| Stepping ~*~*~tactically~*~*~ (hiding).
  4294 | D:4      | Noticed Eustachio
  4301 | D:4      | 4301 ||| INVOKING Fiery Armour.
  4304 | D:4      | Killed Eustachio
  4305 | D:4      | Reached XP level 7. HP: 35/55 MP: 8/8
  4534 | D:4      | Reached skill level 3 in Armour
  4626 | D:4      | Found Guijum's Magic Scroll Shop.
  4960 | D:4      | 4960 ||| READING scroll labelled BOPNUM LANLE.
  4961 | D:4      | 4961 ||| READING 2 scrolls labelled LIWAENTOS.
  4962 | D:4      | 4962 ||| READING scroll of brand weapon.
  4962 | D:4      | 4962 ||| BRANDING +0 hand axe of protection.
  4963 | D:4      | 4963 ||| DRINKING 2 clear potions.
  4964 | D:4      | 4964 ||| READING 2 scrolls of identify.
  4964 | D:4      | 4964 ||| IDENTIFYING orange potion
  4965 | D:4      | 4965 ||| DROPPING potion of berserk rage.
  4966 | D:4      | 4966 ||| DROPPING potion of degeneration.
  4986 | D:5      | Entered Level 5 of the Dungeon
  5001 | D:5      | 5001 ||| Stepping ~*~*~tactically~*~*~ (stealth).
  5171 | D:5      | Found a staircase to the Ecumenical Temple.
  5178 | D:5      | Noticed Menkaure
  5180 | D:5      | 5180 ||| INVOKING Fiery Armour.
  5181 | D:5      | 5181 ||| DRINKING 3 potions of curing.
  5181 | D:5      | 5181 ||| (to cure confusion)
  5185 | D:5      | Killed Menkaure
  5189 | D:5      | Reached skill level 7 in Axes
  5201 | D:5      | Reached XP level 8. HP: 60/61 MP: 9/9
  5212 | D:5      | 5212 ||| SWAPPING to +0 war axe.
  5222 | D:5      | 5222 ||| DROPPING +0 hand axe of venom.
  5243 | D:5      | 5243 ||| Stepping ~*~*~tactically~*~*~ (hiding).
  5507 | D:5      | 5507 ||| UPGRADING to +0 pair of boots.
  5512 | D:5      | 5512 ||| DRINKING 2 sedimented inky potions.
  5513 | D:5      | 5513 ||| READING 5 scrolls of identify.
  5513 | D:5      | 5513 ||| IDENTIFYING fizzy purple potion
  5514 | D:5      | 5514 ||| READING 4 scrolls of identify.
  5514 | D:5      | 5514 ||| IDENTIFYING fuming green potion
  5515 | D:5      | 5515 ||| READING 3 scrolls of identify.
  5515 | D:5      | 5515 ||| IDENTIFYING yellow potion
  5516 | D:5      | 5516 ||| DROPPING potion of attraction.
  5517 | D:5      | 5517 ||| DROPPING potion of flight.
  5542 | D:4      | 5542 ||| SHOPLISTING scroll of acquirement (520 gold, have
                  | 318).
  5542 | D:4      | 5542 ||| BUYING scroll of enchant armour (75 gold).
  5542 | D:4      | Bought a scroll of enchant armour for 75 gold pieces
  5542 | D:4      | 5542 ||| BUYING scroll of identify (20 gold).
  5542 | D:4      | Bought a scroll of identify for 20 gold pieces
  5542 | D:4      | 5542 ||| BUYING scroll of teleportation (30 gold).
  5542 | D:4      | Bought a scroll of teleportation for 30 gold pieces
  5542 | D:4      | 5542 ||| READING scroll of enchant armour.
  5542 | D:4      | 5542 ||| ENCHANTING +0 pair of boots.
  5580 | D:6      | 5580 ||| STAIRDANCE
  5627 | D:6      | 5627 ||| INVOKING Fiery Armour.
  5636 | D:6      | HP: 12/61 [electric eel/bolt of electricity (8)]
  5636 | D:6      | HP: 4/61 [electric eel/bolt of electricity (8)]
  5637 | D:6      | 5637 ||| READING 7 scrolls of teleportation.
  5637 | D:6      | Killed from afar by an electric eel

Levels and vault maps discovered:
D:1:      mushboom_english_gardens, layout_rooms
D:2:      layout_basic, minmay_circle_x
D:3:      minmay_recursive_quarters, layout_loops_corners, zin_academy,
          serial_shops, shop, minmay_stone_trees_small
D:4:      layout_loops_ring, lemuel_tele_altar, lemuel_crystal_altar,
          serial_shops, nicolae_take_the_stairs, gammafunk_ghost_split,
          uniq_eustachio, uniq_duvessa
D:5:      layout_cave_pools, minmay_temple_entry_statues_pillars, uniq_menkaure
D:6:      layout_loops_cross, serial_bayou, serial_bayou_lake_a,
          serial_bayou_pond_e, serial_bayou_pond_e, serial_bayou_ford_a

Skill      XL: |  1  2  3  4  5  6  7 |
---------------+----------------------+-----
Axes           | 3 4 5 6 7 |  7.5
Dodging        | 1 |  1.0
Armour         | 2 3 |  3.4
Fighting       | 4 |  4.6
Spellcasting   | |  1.0
Fire Magic     | |  2.6

Action                   |  1- 3 |  4- 6 |  7- 9 || total
-------------------------+-------+-------+-------++-------
Melee: Hand axe          |   126 |    89 |    76 ||   291
       Kick              |    15 |    18 |    12 ||    45
       Punch             |       |     1 |       ||     1
       War axe           |       |       |    30 ||    30
Invok: Fiery Armour      |     1 |     2 |     2 ||     5
  Use: Scroll            |     6 |     9 |     9 ||    24
       Potion            |       |     2 |     3 ||     5
Armor: Robe              |    18 |       |       ||    18
       Ring mail         |     5 |     3 |       ||     8
       Plate armour      |       |    57 |    58 ||   115
Dodge: Dodged            |    58 |    44 |    52 ||   154

Table legend:
 A = Non-vault XP
 B = Vault XP
 C = Vault XP percentage of total XP
 D = Non-vault monster count
 E = Vault monster count
 F = Vault count percentage of total count
                 A         B        C        D         E       F
            +---------+---------+-------+---------+---------+-------
      Total |     944 |     608 |  39.2 |      88 |      15 |  14.6
            +---------+---------+-------+---------+---------+-------
        D:1 |      36 |       0 |   0.0 |      22 |       0 |   0.0
        D:2 |      38 |       5 |  11.6 |      21 |       3 |  12.5
        D:3 |       5 |      26 |  83.9 |       3 |       8 |  72.7
        D:4 |     519 |     405 |  43.8 |      25 |       3 |  10.7
        D:5 |     333 |     172 |  34.1 |      16 |       1 |   5.9
        D:6 |      13 |       0 |   0.0 |       1 |       0 |   0.0
            +---------+---------+-------+---------+---------+-------
